TOP OF THE 1ST |
Great Falls Voyagers batting - Pitching for Billings Mustangs : RHP Bill Wegman
|
Pitching: RHP Bill Wegman
|
|
Batting: LHB Jose Fernandez
|
0-0: Called Strike 0-1: Foul Ball, location: 2F 0-2: Foul Ball, location: 2F 0-2: Strikes out looking
|
Batting: SHB Gerald Young
|
0-0: DOUBLE (Line Drive, 7LM, EV 106.9 MPH)
|
Batting: RHB Johnny Paredes
|
0-0: Swinging Strike 0-1: DOUBLE (Flyball, 89D, EV 88.1 MPH) Gerald Young scores
|
Batting: RHB Jose Gomez
|
0-0: Ball 1-0: Called Strike 1-1: Ball 2-1: Foul Ball, location: 2F 2-2: Ground out 1-3 (Groundball, 13S, EV 71.3 MPH) Johnny Paredes to third
|
Batting: SHB John Kanter
|
0-0: Called Strike 0-1: Ball 1-1: Swinging Strike 1-2: Ball 2-2: Strikes out swinging
|
Top of the 1st over - 1 run, 2 hits, 0 errors, 1 left on base; Great Falls 1 - Billings 0 |
BOTTOM OF THE 1ST |
Billings Mustangs batting - Pitching for Great Falls Voyagers : RHP Julian Polanco
|
Pitching: RHP Julian Polanco
|
|
Batting: SHB Terrence Derby
|
0-0: SINGLE (Groundball, 4MD, EV 105.6 MPH)
|
Batting: RHB Leonidas Nolasco
|
0-0: Ball 1-0: Ball 2-0: Called Strike 2-1: Grounds into double play, 5-4-3 (Groundball, 56, EV 103.8 MPH)
|
Batting: LHB Dave Verkuilen
|
0-0: Ball 1-0: Called Strike 1-1: Ball 2-1: Fly out, F8 (Flyball, 89D, EV 87.5 MPH)
|
Bottom of the 1st over - 0 runs, 1 hit, 0 errors, 0 left on base; Great Falls 1 - Billings 0 |
TOP OF THE 2ND |
Great Falls Voyagers batting - Pitching for Billings Mustangs : RHP Bill Wegman
|
Batting: LHB John Yari
|
0-0: Ball 1-0: Ground out U3 (Groundball, 13, EV 85.6 MPH)
|
Batting: RHB Anthony Notaroberto
|
0-0: Called Strike 0-1: Swinging Strike 0-2: Ball 1-2: Ball 2-2: Strikes out swinging, 2-3 out at first.
|
Batting: RHB Paulino Garcia
|
0-0: Called Strike 0-1: Swinging Strike 0-2: Ball 1-2: Strikes out swinging
|
Top of the 2nd over - 0 runs, 0 hits, 0 errors, 0 left on base; Great Falls 1 - Billings 0 |
BOTTOM OF THE 2ND |
Billings Mustangs batting - Pitching for Great Falls Voyagers : RHP Julian Polanco
|
Batting: RHB Timothy Smith
|
0-0: Ball 1-0: Foul Ball, location: 2F 1-1: Ball 2-1: Ball 3-1: Fly out, F8 (Line Drive, 8LM, EV 98.1 MPH)
|
Batting: RHB Randy Day
|
0-0: Fly out, F9 (Flyball, 9, EV 95.6 MPH)
|
Batting: RHB Glenn Edwards
|
0-0: Fly out, F8 (Flyball, 8LD, EV 73.8 MPH)
|
Bottom of the 2nd over - 0 runs, 0 hits, 0 errors, 0 left on base; Great Falls 1 - Billings 0 |
TOP OF THE 3RD |
Great Falls Voyagers batting - Pitching for Billings Mustangs : RHP Bill Wegman
|
Batting: RHB Harvey Wilkerson
|
0-0: Foul Ball, location: 2F 0-1: Called Strike 0-2: Reached on error, E6 (Groundball, 6, EV 82.5 MPH)
|
Batting: LHB Jose Fernandez
|
0-0: Called Strike 0-1: Ball 1-1: Ball 2-1: Ball 3-1: Swinging Strike 3-2: Ground out U3 (Groundball, 3S, EV 82.5 MPH) Harvey Wilkerson to third
|
Batting: SHB Gerald Young
|
0-0: Called Strike 0-1: Foul Ball, location: 2F 0-2: Foul Ball, location: 2F 0-2: Ball 1-2: Ball 2-2: Ground out 4-3 (Groundball, 4, EV 82.5 MPH) Harvey Wilkerson scores
|
Batting: RHB Johnny Paredes
|
0-0: Called Strike 0-1: Called Strike 0-2: Foul Ball, location: 2F 0-2: Foul Ball, location: 2F 0-2: Ball 1-2: Strikes out looking
|
Top of the 3rd over - 1 run, 0 hits, 1 error, 0 left on base; Great Falls 2 - Billings 0 |
BOTTOM OF THE 3RD |
Billings Mustangs batting - Pitching for Great Falls Voyagers : RHP Julian Polanco
|
Batting: SHB Joe Arfstrom
|
0-0: Ball 1-0: Fly out, F8 (Line Drive, 8RM, EV 85.6 MPH)
|
Batting: RHB Gordon Eakin
|
0-0: Ground out 4-3 (Groundball, 4M, EV 86.3 MPH)
|
Batting: RHB Eric Halberg
|
0-0: Called Strike 0-1: Ground out 5-3 (Groundball, 56S, EV 65.6 MPH)
|
Bottom of the 3rd over - 0 runs, 0 hits, 0 errors, 0 left on base; Great Falls 2 - Billings 0 |
TOP OF THE 4TH |
Great Falls Voyagers batting - Pitching for Billings Mustangs : RHP Bill Wegman
|
Batting: RHB Jose Gomez
|
0-0: Fly out, F4 (Popup, 4S, EV 57.5 MPH)
|
Batting: SHB John Kanter
|
0-0: Foul Ball, location: 2F 0-1: Called Strike 0-2: Ball 1-2: DOUBLE (Line Drive, 7LS, EV 106.3 MPH)
|
Batting: LHB John Yari
|
0-0: Ball 1-0: Ground out 4-3 (Groundball, 34, EV 95.6 MPH) John Kanter to third
|
Batting: RHB Anthony Notaroberto
|
0-0: Ball 1-0: Fly out, F8 (Flyball, 89S, EV 95.0 MPH)
|
Top of the 4th over - 0 runs, 1 hit, 0 errors, 1 left on base; Great Falls 2 - Billings 0 |
BOTTOM OF THE 4TH |
Billings Mustangs batting - Pitching for Great Falls Voyagers : RHP Julian Polanco
|
Batting: SHB Terrence Derby
|
0-0: Ball 1-0: Called Strike 1-1: Ball 2-1: Ball 3-1: Base on Balls
|
Batting: RHB Leonidas Nolasco
|
0-0: Ball 1-0: Ball 2-0: Swinging Strike 2-1: Swinging Strike 2-2: Strikes out swinging
|
Batting: LHB Dave Verkuilen
|
0-0: Ball 1-0: Fly out, F7 (Line Drive, 7D, EV 95.0 MPH)
|
Batting: RHB Timothy Smith
|
0-0: Ball 1-0: Called Strike 1-1: Ball 2-1: Fielders Choice at 2nd, 5-4 (Groundball, 56, EV 81.3 MPH)
|
Bottom of the 4th over - 0 runs, 0 hits, 0 errors, 1 left on base; Great Falls 2 - Billings 0 |
TOP OF THE 5TH |
Great Falls Voyagers batting - Pitching for Billings Mustangs : RHP Bill Wegman
|
Batting: RHB Paulino Garcia
|
0-0: Called Strike 0-1: DOUBLE (Groundball, 5L, EV 98.8 MPH)
|
Batting: RHB Harvey Wilkerson
|
0-0: Ball 1-0: Ball 2-0: Called Strike 2-1: Ball 3-1: Swinging Strike 3-2: Ground out 4-3 (Groundball, 4M, EV 83.1 MPH) Paulino Garcia to third
|
Batting: LHB Jose Fernandez
|
0-0: Ball 1-0: SINGLE (Groundball, 34D, EV 107.5 MPH) Paulino Garcia scores
|
Batting: SHB Gerald Young
|
0-0: Ball 1-0: Fly out, F5 (Popup, 56S, EV 81.3 MPH)
|
Batting: RHB Johnny Paredes
|
0-0: Called Strike Jose Fernandez steals 2nd base 0-1: Ground out 1-3 (Groundball, 34S, EV 75.6 MPH)
|
Top of the 5th over - 1 run, 2 hits, 0 errors, 1 left on base; Great Falls 3 - Billings 0 |
BOTTOM OF THE 5TH |
Billings Mustangs batting - Pitching for Great Falls Voyagers : RHP Julian Polanco
|
Batting: RHB Randy Day
|
0-0: Fly out, F8 (Flyball, 8LS, EV 84.4 MPH)
|
Batting: RHB Glenn Edwards
|
0-0: Called Strike 0-1: Called Strike 0-2: Foul Ball, location: 2F 0-2: Ball 1-2: Foul Ball, location: 2F 1-2: Strikes out swinging
|
Batting: SHB Joe Arfstrom
|
0-0: Ball 1-0: Called Strike 1-1: Ball 2-1: Ball 3-1: Foul Ball, location: 2F 3-2: Foul Ball, location: 2F 3-2: Fly out, F4 (Flyball, 4MD, EV 85.6 MPH)
|
Bottom of the 5th over - 0 runs, 0 hits, 0 errors, 0 left on base; Great Falls 3 - Billings 0 |
TOP OF THE 6TH |
Great Falls Voyagers batting - Pitching for Billings Mustangs : RHP Bill Wegman
|
Batting: RHB Jose Gomez
|
0-0: Ball 1-0: Foul Ball, location: 2F 1-1: Foul Ball, location: 2F 1-2: Strikes out swinging
|
Batting: SHB John Kanter
|
0-0: Foul Ball, location: 2F 0-1: Called Strike 0-2: Strikes out swinging
|
Batting: LHB John Yari
|
0-0: Ball 1-0: Ball 2-0: Called Strike 2-1: Ball 3-1: Ground out U3 (Groundball, 3, EV 80.6 MPH)
|
Top of the 6th over - 0 runs, 0 hits, 0 errors, 0 left on base; Great Falls 3 - Billings 0 |
BOTTOM OF THE 6TH |
Billings Mustangs batting - Pitching for Great Falls Voyagers : RHP Julian Polanco
|
Batting: RHB Gordon Eakin
|
0-0: Called Strike 0-1: Swinging Strike 0-2: Foul Ball, location: 2F 0-2: Ball 1-2: Foul Ball, location: 2F 1-2: Fly out, F7 (Flyball, 78XD, EV 100.0 MPH)
|
Batting: RHB Eric Halberg
|
0-0: Fly out, F8 (Line Drive, 8RM, EV 90.0 MPH)
|
Batting: SHB Terrence Derby
|
0-0: Ground out 4-3 (Groundball, 34, EV 79.4 MPH)
|
Bottom of the 6th over - 0 runs, 0 hits, 0 errors, 0 left on base; Great Falls 3 - Billings 0 |
TOP OF THE 7TH |
Great Falls Voyagers batting - Pitching for Billings Mustangs : RHP Bill Wegman
|
Batting: RHB Anthony Notaroberto
|
0-0: Ball 1-0: Fly out, F3 (Popup, 23F, EV 83.1 MPH)
|
Batting: RHB Paulino Garcia
|
0-0: Ball 1-0: Ball 2-0: Ball 3-0: Base on Balls
|
Batting: RHB Harvey Wilkerson
|
0-0: Called Strike 0-1: Ball 1-1: Foul Ball, location: 2F 1-2: Ball 2-2: Fly out, F8 (Line Drive, 8LM, EV 91.9 MPH)
|
Batting: LHB Jose Fernandez
|
0-0: Ball 1-0: Called Strike 1-1: Ball Paulino Garcia is caught stealing 2nd base 2-6
|
Top of the 7th over - 0 runs, 0 hits, 0 errors, 0 left on base; Great Falls 3 - Billings 0 |
BOTTOM OF THE 7TH |
Billings Mustangs batting - Pitching for Great Falls Voyagers : RHP Julian Polanco
|
Batting: RHB Leonidas Nolasco
|
0-0: Called Strike 0-1: Swinging Strike 0-2: Ground out 6-3 (Groundball, 6, EV 79.4 MPH)
|
Batting: LHB Dave Verkuilen
|
0-0: Ball 1-0: Fly out, F8 (Line Drive, 8LD, EV 89.4 MPH)
|
Batting: RHB Timothy Smith
|
0-0: Ball 1-0: Fly out, F7 (Flyball, 7LM, EV 79.4 MPH)
|
Bottom of the 7th over - 0 runs, 0 hits, 0 errors, 0 left on base; Great Falls 3 - Billings 0 |
TOP OF THE 8TH |
Great Falls Voyagers batting - Pitching for Billings Mustangs : RHP Bill Wegman
|
Batting: LHB Jose Fernandez
|
0-0: Called Strike 0-1: Called Strike 0-2: Foul Ball, location: 2F 0-2: Strikes out looking
|
Batting: SHB Gerald Young
|
0-0: Called Strike 0-1: Ground out U3 (Groundball, 3, EV 103.8 MPH)
|
Batting: RHB Johnny Paredes
|
0-0: Called Strike 0-1: Ball 1-1: Fly out, F8 (Flyball, 89D, EV 106.3 MPH)
|
Top of the 8th over - 0 runs, 0 hits, 0 errors, 0 left on base; Great Falls 3 - Billings 0 |
BOTTOM OF THE 8TH |
Billings Mustangs batting - Pitching for Great Falls Voyagers : RHP Julian Polanco
|
Batting: RHB Randy Day
|
0-0: Called Strike 0-1: Called Strike 0-2: Ground out 5-3 (Groundball, 56S, EV 85.6 MPH)
|
Batting: RHB Glenn Edwards
|
0-0: SINGLE (Groundball, 6S, EV 71.9 MPH) (infield hit)
|
Batting: SHB Joe Arfstrom
|
0-0: Called Strike 0-1: Ball 1-1: SINGLE (Groundball, 4MS, EV 73.8 MPH) (infield hit) Glenn Edwards to second
|
Batting: RHB Gordon Eakin
|
0-0: Ball 1-0: Ball 2-0: Ball 3-0: Base on Balls Glenn Edwards to third Joe Arfstrom to second
|
Batting: RHB Eric Halberg
|
0-0: Fly out, F8 (Line Drive, 8RM, EV 95.0 MPH) Runner from 3rd tags up, SCORES, no throw by CF
|
Batting: SHB Terrence Derby
|
0-0: Ball 1-0: Swinging Strike 1-1: Fly out, F8 (Flyball, 8LM, EV 85.6 MPH)
|
Bottom of the 8th over - 1 run, 2 hits, 0 errors, 2 left on base; Great Falls 3 - Billings 1 |
TOP OF THE 9TH |
Great Falls Voyagers batting - Pitching for Billings Mustangs : RHP Bill Wegman
|
Batting: RHB Jose Gomez
|
0-0: Foul Ball, location: 2F 0-1: Ball 1-1: SINGLE (Groundball, 5S, EV 66.3 MPH) (infield hit)
|
Batting: SHB John Kanter
|
0-0: Ball 1-0: TRIPLE (Flyball, 9D, EV 90.0 MPH) Jose Gomez scores
|
Batting: LHB John Yari
|
0-0: Intentional Walk
|
Batting: RHB Anthony Notaroberto
|
0-0: Ball 1-0: DOUBLE (Flyball, 89D, EV 95.6 MPH) John Kanter scores John Yari to third Runner from 3rd tries for Home, SAFE, throw by CF to home
|
Pitching: RHP Jim Hickey
|
|
Batting: RHB Paulino Garcia
|
0-0: Called Strike 0-1: Foul Ball, location: 2F 0-2: Foul Ball, location: 2F 0-2: Fly out, F4 (Flyball, 4D, EV 86.9 MPH)
|
Batting: RHB Harvey Wilkerson
|
0-0: Fly out, F7 (Line Drive, 7, EV 92.5 MPH)
|
Batting: LHB Jose Fernandez
|
0-0: Fly out, F8 (Flyball, 8LM, EV 93.1 MPH)
|
Top of the 9th over - 3 runs, 3 hits, 0 errors, 1 left on base; Great Falls 6 - Billings 1 |
BOTTOM OF THE 9TH |
Billings Mustangs batting - Pitching for Great Falls Voyagers : RHP Julian Polanco
|
Batting: RHB Leonidas Nolasco
|
0-0: Called Strike 0-1: Ball 1-1: Ground out 4-3 (Groundball, 4M, EV 89.4 MPH)
|
Batting: LHB Dave Verkuilen
|
0-0: Ball 1-0: Called Strike 1-1: Ground out 4-3 (Groundball, 4, EV 85.0 MPH)
|
Batting: RHB Timothy Smith
|
0-0: Ball 1-0: Ball 2-0: SINGLE (Groundball, 5D, EV 103.1 MPH)
|
Batting: RHB Randy Day
|
0-0: Ball 1-0: Fly out, F7 (Line Drive, 7, EV 90.6 MPH)
|
Bottom of the 9th over - 0 runs, 1 hit, 0 errors, 1 left on base; Great Falls 6 - Billings 1 |
|